 Dungeon Crawl Stone Soup version 0.31.0-12-g77e489cdc1 (webtiles) character file.

Game seed: 2052256512623631476

410 lordive the Ruffian (level 6, -10/61 HPs)
             Began as a Troll Monk on Mar 2, 2024.
             Mangled by Crazy Yiuf
             ... wielding a +4 quarterstaff of chaos
              (18 damage)
             ... on level 3 of the Dungeon.
             The game lasted 00:02:33 (2110 turns).

lordive the Ruffian (Troll Monk)                    Turns: 2110, Time: 00:02:34

Health: -10/61     AC:  4    Str: 20    XL:     6   Next: 58%
Magic:  5/5        EV: 10    Int:  8    God:
Gold:   120        SH:  0    Dex: 12    Spells: 5/5 levels left

rFire   . .          .
                       - Unarmed
rCold   . . .        c - orb {light}
rNeg    . . .        a - +0 robe
rPois   .            (helmet restricted)
rElec   .            (no cloak)
rCorr   .            (gloves unavailable)
SInv    .            (boots unavailable)
Will    .....        (no amulet)
Stlth   +            (no ring)
HPRegen 1.10/turn    (no ring)
MPRegen 0.09/turn

%: no passive effects
@: confused, lethally poisoned (-10 -> -21), glowing
A: large, unfitting armour, claws 3, regeneration 1, shaggy fur 1, tough skin 1
a: no special abilities


You were on level 3 of the Dungeon.
You visited 1 branch of the dungeon, and saw 3 of its levels.

You collected 120 gold pieces.

Inventory:

Armour
 a - a +0 robe (worn)
 c - an orb of light (worn)
Jewellery
 j - a +6 ring of intelligence
 l - a ring of see invisible
Scrolls
 b - a scroll of enchant weapon {unknown}
 d - 3 scrolls of identify {unknown}
 e - 3 scrolls of teleportation {unknown}
 f - a scroll of noise {unknown}
 g - a scroll of poison {unknown}
 h - a scroll of fog {unknown}
Potions
 i - a potion of heal wounds {unknown}
 k - a potion of degeneration {unknown}
 m - a potion of curing {unknown}
 n - a potion of brilliance {unknown}


   Skills:
 + Level 3.1 Fighting
 + Level 3.5 Dodging
 + Level 6.3 Unarmed Combat


You had 5 spell levels left.
You didn't know any spells.
Your spell library was empty.

Dungeon Overview and Level Annotations

Branches:
Dungeon (3/15)

Altars:
Qazlal

Annotations:
D:3 Crazy Yiuf


Innate Abilities, Weirdness & Mutations

You are too large for most types of armour.
You have claws for hands.
Your natural rate of healing is unusually fast.
You are covered in fur. (AC +1)
You have tough skin. (AC +1)


Message History

You see here a +0 chain mail.
There is an escape hatch in the ceiling here.
You see here a +0 club.
Crazy Yiuf shouts!
Crazy Yiuf cries, "Walk!"
Could not explore, unopened runed door.
Could not explore, unopened runed door.
Could not explore, unopened runed door.
Could not explore, unopened runed door.
You open the door.
Crazy Yiuf whimpers, "You hand leg!"
Crazy Yiuf hits you with a +4 quarterstaff of chaos!
There is an open translucent door, spattered with blood here.
You scratch Crazy Yiuf.
Crazy Yiuf is moderately wounded.
Crazy Yiuf hits you with a +4 quarterstaff of chaos.
Crazy Yiuf burns you.
You scratch Crazy Yiuf.
Crazy Yiuf is moderately wounded.
You claw Crazy Yiuf!
Crazy Yiuf is severely wounded.
Crazy Yiuf hits you with a +4 quarterstaff of chaos!
You are confused.
You closely miss Crazy Yiuf.
Crazy Yiuf is severely wounded.
Crazy Yiuf barely misses you.
Crazy Yiuf hits you with a +4 quarterstaff of chaos!
You're too confused to move!
Crazy Yiuf closely misses you.
Crazy Yiuf hits you with a +4 quarterstaff of chaos.
Crazy Yiuf freezes you.
Crazy Yiuf whimpers, "Castle Orb Guardian poople!"
Crazy Yiuf hits you with a +4 quarterstaff of chaos!
* * * LOW HITPOINT WARNING * * *
You are lethally poisoned!
You bump into the stone wall.
* * * LOW HITPOINT WARNING * * *
You feel very sick.
Crazy Yiuf cries, "Cake!
Powder verde action."
Crazy Yiuf hits you with a +4 quarterstaff of chaos!!
You die...

............# #....# #.#
#.# .#..######### #...##
#.# #.# ....# ##.## #.# #.#
###.# #.## ###.# #.## #.#
##.# #...###.#. #.# #.##
#......... #.# ##.#
#...###... #.# ###### ##'##
#..## ###. #.# #....# #@g.#
#..# ## #.# #.#### #...#
#..# # #.####.# #..)#
#..### # #......# #####
##....# # #####.##
#...#######
#.###############......§.§.
#.................###...○§.
#################.####..§..
#.....#####


You could see Crazy Yiuf.

Vanquished Creatures
  Grinder (D:3)
  Pargi (D:3)
  Jessica (D:3)
  3 adders (D:3)
  A dart slug (D:2)
  2 ribbon worms (D:3)
  3 ball pythons
  8 endoplasms
  6 goblins
  9 hobgoblins
  8 jackals
  3 quokkas
  4 bats
  A frilled lizard (D:1)
  7 kobolds
  4 rats
62 creatures vanquished.

Vanquished Creatures (others)
  A hobgoblin (D:3)
1 creature vanquished.

Grand Total: 63 creatures vanquished

Notes
Turn   | Place    | Note
-------+----------+-------------------------------------------
     0 | D:1      | lordive the Troll Monk began the quest for the Orb.
     0 | D:1      | Reached XP level 1. HP: 22/22 MP: 0/0
   220 | D:1      | Reached XP level 2. HP: 27/29 MP: 1/1
   547 | D:1      | Found a faded altar of an unknown god.
   636 | D:2      | Reached XP level 3. HP: 36/36 MP: 2/2
  1255 | D:3      | Reached skill level 4 in Unarmed Combat
  1264 | D:3      | Reached XP level 4. HP: 44/44 MP: 3/3
  1336 | D:3      | Noticed Pargi
  1337 | D:3      | Noticed Grinder
  1346 | D:3      | Killed Pargi
  1347 | D:3      | Reached skill level 5 in Unarmed Combat
  1347 | D:3      | Reached XP level 5. HP: 11/52 MP: 4/4
  1348 | D:3      | Paralysed by Grinder for 5 turns
  1375 | D:3      | Killed Grinder
  1376 | D:3      | Reached skill level 6 in Unarmed Combat
  1376 | D:3      | Reached XP level 6. HP: 23/61 MP: 5/5
  1528 | D:3      | Found a runed translucent door.
  1529 | D:3      | Noticed Crazy Yiuf
  1574 | D:3      | Found a stormy altar of Qazlal.
  1575 | D:3      | Noticed Jessica
  1601 | D:3      | Killed Jessica
  2110 | D:3      | Mangled by Crazy Yiuf

Illustrated notes

Levels and vault maps discovered:
D:1:      spicycebolla_arrival_clurvy, layout_loops_cross,
          dreamdust_ecumenical_altar_hidden_monk_grotto,
          chequers_serial_rivers_micro_d
D:2:      layout_rooms, minmay_splitting_lines, minivault_4, kennysheep_doodads,
          kennysheep_minor_cross
D:3:      layout_loops_ring, mainiacjoe_overflow_cross_hatched,
          lemuel_flame_loot_1, uniq_crazy_yiuf_cottage, uniq_jessica,
          uniq_grinder, uniq_pargi

Skill      XL: |  1  2  3  4  5 |
---------------+----------------+-----
Dodging        | 3 |  3.5
Unarmed Combat | 4 5 6 |  6.3
Fighting       | 3 |  3.1

Action                     |  1- 3 |  4- 6 || total
---------------------------+-------+-------++-------
  Melee: Unarmed           |   102 |    43 ||   145
    Use: Potion            |       |     1 ||     1
 Armour: Robe              |    46 |    46 ||    92
  Dodge: Dodged            |    46 |    15 ||    61
